 Dungeon Crawl Stone Soup version 0.31-a0-1204-ge2c1a860ed (webtiles) character file.

Game seed: 14961449119734562914

25 Curundu the Poker (level 3, 0/30 HPs)
             Began as a Merfolk Berserker on Dec 12, 2023.
             Was a Follower of Trog.
             Succumbed to an adder's poison
             ... on level 2 of the Dungeon.
             The game lasted 00:04:05 (1012 turns).

Curundu the Poker (Merfolk Berserker)               Turns: 1012, Time: 00:04:06

Health: 0/30       AC:  3    Str: 19    XL:     3   Next: 6%
Magic:  3/3        EV: 12    Int:  6    God:    Trog [*.....]
Gold:   63         SH:  0    Dex: 13    Spells: 2/2 levels left

rFire   . . .        a - +0 spear
rCold   . . .        h - orb {light}
rNeg    . . .        b - +0 animal skin
rPois   .            l - +0 helmet
rElec   .            (no cloak)
rCorr   .            (no gloves)
SInv    .            (no boots)
Will    .....        (no amulet)
Stlth   +            (no ring)
HPRegen 0.25/turn    (no ring)
MPRegen 0.08/turn

%: no passive effects
@: lethally poisoned (0 -> -10), glowing
A: (nimble swimmer 2), mertail
a: Renounce Religion, Berserk


You were on level 2 of the Dungeon.
You worshipped Trog.
Trog was aware of your devotion.
You visited 1 branch of the dungeon, and saw 2 of its levels.

You collected 63 gold pieces.

Inventory:

Hand Weapons
 a - a +0 spear (weapon)
Missiles
 m - 2 boomerangs (quivered)
Armour
 b - a +0 animal skin (worn)
 h - an orb of light (worn)
 l - a +0 helmet (worn)
Scrolls
 d - a scroll of blinking {unknown}
 f - a scroll of teleportation {unknown}
 g - a scroll of identify {unknown}
 i - 2 scrolls of fog {unknown}
 j - a scroll of revelation {unknown}
Potions
 c - a potion of lignification {unknown}
 e - a potion of degeneration {unknown}
 k - a potion of magic {unknown}


   Skills:
 + Level 4.0 Fighting
 + Level 4.6 Polearms
 + Level 1.4 Armour
 + Level 2.8 Dodging


You had 2 spell levels left.
You didn't know any spells.
Your spell library was empty.

Dungeon Overview and Level Annotations

Branches:
Dungeon (2/15)

Altars:


Innate Abilities, Weirdness & Mutations

((You are very nimble when in or above water. (Stealth+, EV+, Speed+++)))
Your lower body shifts to a powerful aquatic tail in water.


Message History

You barely miss the ball python.
You feel sick. The bat hits you but does no damage.
The adder bites you but does no damage. The ball python barely misses you.
The ball python grabs you. The ball python constricts you.
You puncture the ball python!
You kill the ball python!
Trog accepts your kill. The bat closely misses you.
The adder barely misses you.
You hit the giant cockroach.
You kill the giant cockroach!
Trog accepts your kill.
You feel sick. The bat closely misses you. The adder misses you.
You feel sick. The adder closely misses you. The kobold closely misses you.
You see here a ball python corpse.
You hit the adder.
The adder is lightly wounded.
You feel sick. The bat closely misses you. The adder bites you.
You are more poisoned.
The adder poisons you! The kobold closely misses you. The adder bites you.
You hit the adder.
The adder is moderately wounded.
You feel sick. The adder bites you.
You are lethally poisoned!
The adder poisons you! The kobold hits you with a +0 whip.
* * * LOW HITPOINT WARNING * * *
You barely miss the adder.
The adder is moderately wounded.
* * * LOW HITPOINT WARNING * * *
You feel sick. The bat barely misses you. The adder bites you.
* * * LOW HITPOINT WARNING * * *
You are more poisoned.
The adder poisons you!
You hit the adder.
The adder is heavily wounded.
* * * LOW HITPOINT WARNING * * *
You feel very sick. The kobold barely misses you. The adder closely misses you.
The bat misses you.
You barely miss the adder.
The adder is heavily wounded.
You die...

..# #.##+####
......... ###
#........ ..#
#........ ...
#........
#.####......$.
#.#...b.#
#.#.##@S#
#######.#.##>K.$.#
..........##..##.#
#######.#.##... ..
#.####.... .. #.#
#..... . #.#
#...... #.#
##+#.### #.# ..


You could see an adder, a bat and a kobold.

Vanquished Creatures
  2 endoplasms
  2 giant cockroaches
  2 goblins (D:1)
  3 hobgoblins
  4 ball pythons
  A frilled lizard (D:1)
  4 kobolds (D:1)
  6 rats (D:1)
24 creatures vanquished.

Notes
Turn   | Place    | Note
-------+----------+-------------------------------------------
     0 | D:1      | Curundu the Merfolk Berserker began the quest for the Orb.
     0 | D:1      | Reached XP level 1. HP: 18/18 MP: 1/1
   127 | D:1      | Reached XP level 2. HP: 24/24 MP: 2/2
   264 | D:1      | Found a faded altar of an unknown god.
  1004 | D:2      | Reached XP level 3. HP: 22/30 MP: 3/3
  1011 | D:2      | HP: 1/30 [poisoned by an adder]
  1012 | D:2      | Succumbed to an adder's poison

Illustrated notes

Levels and vault maps discovered:
D:1:      dpeg_arrival_ratfight, layout_loops_ring,
          shapermc_ecumenical_altar_notcrosses, chequers_avenue,
          minmay_misc_feat_diagonals
D:2:      layout_basic, minmay_domino_4

Skill      XL: |  1  2 |
---------------+-------+-----
Fighting       | 4 |  4.0
Polearms       | |  4.6
Armour         | |  1.4
Dodging        | |  2.8

Action                     || total
---------------------------++-------
  Melee: Spear             ||    60
   Stab: Sleeping          ||     1
 Armour: Animal skin       ||    34
  Dodge: Dodged            ||    58

Table legend: (Time is in decaauts)
 A = Elapsed time spent in this place.
 B = Non-inter-level travel time spent in this place.
 C = Inter-level travel time spent in this place.
 D = Time resting spent in this place.
 E = Time spent auto-exploring this place.
 F = Levels seen in this place.
 G = Mean time per level.
                   A        B        C        D        E       F      G
               +--------+--------+--------+--------+--------+-----+--------+
         Total |   1004 |    995 |      9 |      0 |    755 |   2 |  502.0 |
       Dungeon |   1004 |    995 |      9 |      0 |    755 |   2 |  502.0 |
               +--------+--------+--------+--------+--------+-----+--------+

Top non-repeatable levels by time:
     D:1: 945 daAuts
     D:2: 59 daAuts
